 Dungeon Crawl Stone Soup version 0.29.1-2-gbd0b4ee654 (webtiles) character file.

Game seed: 3523587573005435911

179 llahlahkje the Chopper (level 5, 0/47 HPs)
             Began as a Minotaur Fighter on Nov 2, 2022.
             Was a Believer of Makhleb.
             Slain by an orc priest
             ... wielding a +0 flail
              (6 damage)
             ... on level 4 of the Dungeon on Nov 3, 2022.
             The game lasted 00:10:01 (1769 turns).

llahlahkje the Chopper (Minotaur Fighter)           Turns: 1769, Time: 00:10:01

Health: 0/47       AC: 13    Str: 22      XL:     5   Next: 32%
Magic:  4/4        EV:  6    Int:  5      God:    Makhleb [**....]
Gold:   188        SH:  6    Dex:  9 (10) Spells: 4/4 levels left

rFire   . . .      SeeInvis .   a - +2 war axe (vorpal)
rCold   . . .      Faith    .   c - +2 buckler
rNeg    . . .      Spirit   .   l - +0 plate armour
rPois   .          Reflect  .   o - +0 hat
rElec   .          Harm     .   (no cloak)
rCorr   .          Rampage  .   (no gloves)
Will    .....                   b - +0 pair of boots
Stlth   ..........              g - amulet of the acrobat
HPRegen 0.15/turn               (no ring)
MPRegen 0.09/turn               (no ring)

@: mighty
A: horns 2, retaliatory headbutt
a: Renounce Religion, Minor Destruction


You were on level 4 of the Dungeon.
You worshipped Makhleb.
Makhleb was pleased with you.
You visited 1 branch of the dungeon, and saw 4 of its levels.

You collected 188 gold pieces.

Inventory:

Hand Weapons
 a - a +2 vorpal war axe (weapon)
 k - a +2 short sword of flaming
Missiles
 i - 2 throwing nets (quivered)
Armour
 b - a +0 pair of boots (worn)
 c - a +2 buckler (worn)
 l - a +0 plate armour (worn)
 o - a +0 hat (worn)
Jewellery
 g - an amulet of the acrobat (around neck)
Wands
 n - a wand of digging (5)
Scrolls
 e - 2 scrolls of identify
 h - a scroll of blinking
Potions
 d - a potion of might
 f - 2 potions of flight
 j - a potion of curing
 m - a potion of cancellation


   Skills:
 + Level 4.5 Fighting
 * Level 5.2 Axes
 + Level 4.2 Armour
 + Level 0.5 Dodging
 + Level 4.2 Shields


You had 4 spell levels left.
You didn't know any spells.
Your spell library contained the following spells:

 Spells                   Type           Power      Damage    Failure   Level
 Frozen Ramparts          Ice            0%         1d1       100%        3
 Ozocubu's Armour         Ice            0%         N/A       100%        3
 Ice Form                 Ice/Tmut       0%         N/A       100%        4
 Summon Ice Beast         Ice/Summ       0%         N/A       100%        4
 Ozocubu's Refrigeration  Ice            0%         4d7       100%        7


Dungeon Overview and Level Annotations

Branches:
Dungeon (4/15)
 Temple: D:4-7

Altars:
Makhleb


Innate Abilities, Weirdness & Mutations

You have a pair of horns on your head.
You reflexively headbutt those who attack you in melee.


Message History

Beogh smites you! The orc hits you but does no damage.
Unknown command.
The orc attacks as you move away! You block the orc's attack.
The orc attacks as you move away! The orc completely misses you.
The orc priest casts a cantrip, but nothing happens.
The orc attacks as you move away! The orc misses you. You furiously retaliate!
You headbutt the orc!
You kill the orc!
Makhleb accepts your kill.
The orc priest begins to cast a cantrip, but forgets the words!
The orc priest begins to cast a cantrip, but forgets the words!
The orc priest invokes the aid of Beogh against you.
Beogh smites you!
Things that are here:
a +0 flail; a +0 leather armour
Items here: )) [ †††.
You feel better.
You feel very mighty all of a sudden. The orc barely misses you.
The orc priest calls down the wrath of Beogh upon you.
Beogh smites you!
The orc priest looks satisfied for a moment.
The orc priest invokes the aid of Beogh against you.
Beogh smites you!
* * * LOW HITPOINT WARNING * * *
You slash the orc!
You kill the orc!
Makhleb accepts your kill.
The orc priest looks braver for a moment.
The orc priest looks encouraged for a moment.
The goblin hits you but does no damage.
You slash the goblin!
You kill the goblin!
Makhleb accepts your kill.
You closely miss the orc priest.
The orc priest hits you with a +0 flail.
* * * LOW HITPOINT WARNING * * *
You closely miss the orc priest.
The orc priest hits you with a +0 flail.
You die...

#.#..........##.......
#.#######....##......#
#.# #....##......# #.#
#............ #.#
###......... #.#######
#......# #.......#
#......########
#.......###o..)..........
#.......@ooog............
#.......########.........
#.......# #.........
#.......# #.........
#.......########.........
#........................
#......#.................
#......#.................
#......#.................


You could see 4 orc priests and a hobgoblin.

Vanquished Creatures
  A hound (D:3)
  A jelly (D:4)
  An iguana (D:3)
  An orc wizard (D:4)
  An adder (D:2)
  2 dart slugs
  7 orcs
  2 endoplasms
  5 giant cockroaches
  3 goblins
  3 hobgoblins
  5 jackals (D:2)
  2 quokkas
  3 ball pythons
  4 bats
  5 kobolds
  3 rats
49 creatures vanquished.

Vanquished Creatures (others)
  3 fungi
  5 plants (D:1)
8 creatures vanquished.

Grand Total: 57 creatures vanquished

Notes
Turn   | Place    | Note
-------+----------+-------------------------------------------
     0 | D:1      | llahlahkje the Minotaur Fighter began the quest for the
                  | Orb.
     0 | D:1      | Reached XP level 1. HP: 19/19 MP: 0/0
   311 | D:1      | Reached XP level 2. HP: 27/27 MP: 1/1
   433 | D:1      | Found a faded altar of an unknown god.
   445 | D:1      | Prayed at the altar of an unknown god.
   445 | D:1      | Became a worshipper of Makhleb the Destroyer
   445 | D:1      | Reached * piety under Makhleb
   795 | D:2      | Reached XP level 3. HP: 28/33 MP: 2/2
   801 | D:2      | Reached skill level 3 in Axes
  1215 | D:3      | Reached XP level 4. HP: 41/41 MP: 3/3
  1500 | D:3      | Reached skill level 4 in Axes
  1624 | D:4      | Reached ** piety under Makhleb
  1633 | D:4      | Reached XP level 5. HP: 38/47 MP: 4/4
  1696 | D:4      | Reached skill level 5 in Axes
  1769 | D:4      | Slain by an orc priest

Illustrated notes

Levels and vault maps discovered:
D:1:      erik_arrival_cave_to_civilisation [erik_arrival_cave_to_hall],
          layout_basic, shapermc_ecumenical_altar_mp_urbaneastern
D:2:      layout_basic, uniq_crazy_yiuf_cottage
D:3:      layout_basic, corexii_item_surrounded_by_moat, chequers_garden,
          nrook_mini_backslash
D:4:      layout_basic, serial_shops, shop, roderic_batcave, uniq_robin

Skill      XL: |  1  2  3  4  5 |
---------------+----------------+-----
Fighting       | 4 |  4.5
Armour         | 4 |  4.2
Axes           | 3 4 5 |  5.2
Shields        | 4 |  4.2
Dodging        | |  0.5

Action                   |  1- 3 |  4- 6 || total
-------------------------+-------+-------++-------
Melee: War axe           |    75 |    37 ||   112
       Headbutt          |     8 |     7 ||    15
  Use: Scroll            |     8 |     3 ||    11
       Potion            |     4 |     2 ||     6
Armor: Scale mail        |    32 |       ||    32
       Plate armour      |     2 |    17 ||    19
       Skin              |     1 |       ||     1
Dodge: Dodged            |    48 |    20 ||    68
Block: Buckler           |    31 |    13 ||    44
